[Event "December 5 Early 2023"]
[Site "https://www.chess.com"]
[Date "2023.12.05"]
[Round "11"]
[White "Subramanian, Anusha"]
[Black "Florianovitz, Derlei Alex"]
[Result "1/2-1/2"]
[Board "141"]
[TimeControl "180+1"]
[WhiteFideId "477710"]
[BlackFideId "2114178"]
[WhiteElo "2038"]
[BlackElo "2196"]
[WhiteTeam "ENG"]
[BlackTeam "BRA"]
[WhiteClock "0:00:13"]
[BlackClock "0:00:02"]

1. e4 e6 2. d4 d5 3. Nd2 c5 4. Ngf3 cxd4 5. exd5 Qxd5 6. Bc4 Qd7 7. Nb3 Nc6 8. O-O a6 9. Nbxd4 Nxd4 10. Qxd4 Qxd4 11. Nxd4 b5 12. Bd3 Bb7 13. c3 Nf6 14. a4 b4 15. cxb4 Bxb4 16. Be3 O-O 17. Rac1 Nd5 18. Nc2 Bd6 19. Bc4 Rfc8 20. b3 Rd8 21. Rfd1 Rac8 22. Bg5 f6 23. Be3 Kf7 24. Re1 Nxe3 25. Nxe3 Bf4 26. Rcd1 Bxe3 27. fxe3 Ke7 28. Kf2 a5 29. g3 e5 30. Ke2 Rxd1 31. Rxd1 Rd8 32. Rxd8 Kxd8 33. Bd3 h6 34. Bf5 Kc7 35. Kd3 Kd6 36. Kc4 Ba6+ 37. Kc3 Kc5 38. h4 Bb7 39. Be6 Be4 40. Bg4 g5 41. hxg5 hxg5 42. Be2 f5 43. Bc4 f4 44. exf4 exf4 45. gxf4 gxf4 46. Bf1 Bh1 47. Bd3 f3 48. Bf1 Bg2 49. Bd3 f2 50. Kd2 f1=Q 51. Bxf1 Bxf1 52. Kc3 Be2 53. Kb2 Kb4 54. Ka2 Bd1 55. Kb2 Bxb3 56. Kb1 Bxa4 57. Ka1 Bb3 58. Kb1 Ka3 59. Ka1 a4 60. Kb1 Bd5 61. Ka1 Kb4 62. Kb1 a3 63. Ka1 Be4 64. Ka2 Bc2 65. Ka1 Bb3 66. Kb1 a2+ 67. Ka1 Ka3 1/2-1/2

[Event "December 5 Early 2023"]
[Site "https://www.chess.com"]
[Date "2023.12.05"]
[Round "11"]
[White "Gulamirian, Korun"]
[Black "Biriukov, Ilja"]
[Result "0-1"]
[Board "142"]
[TimeControl "180+1"]
[WhiteFideId "4144899"]
[BlackFideId "4113373"]
[WhiteElo "2008"]
[BlackElo "2132"]
[WhiteTeam "RUS"]
[BlackTeam "RUS"]
[WhiteClock "0:00:00"]
[BlackClock "0:00:30"]

1. e4 e6 2. d4 d5 3. Nd2 Nf6 4. e5 Nfd7 5. Bd3 c5 6. c3 Nc6 7. Ne2 Qb6 8. Nf3 cxd4 9. cxd4 Bb4+ 10. Bd2 Bxd2+ 11. Qxd2 Qb4 12. O-O Qxd2 13. Nxd2 Nb6 14. b3 Bd7 15. a4 a5 16. Rfc1 Rc8 17. Bb5 Nb4 18. Rxc8+ Nxc8 19. Rc1 Nc6 20. Nf3 Nb6 21. Rc5 Ke7 22. Bxc6 Bxc6 23. Rxa5 Nd7 24. h4 h6 25. Nc3 Rc8 26. Nb5 Bxb5 27. Rxb5 b6 28. Kh2 Rc3 29. Ng1 Rd3 30. Rb4 Kd8 31. Ne2 Kc7 32. Nf4 Rd2 33. Kg3 g6 34. Kf3 Nb8 35. g4 Nc6 36. Rb5 Na7 37. Ke3 Rb2 38. Rb4 Nc6 39. Nd3 Rc2 40. Rb5 Na7 41. Nb4 Rc3+ 42. Kd2 Nxb5 43. axb5 Rxb3 44. Nd3 Rxb5 45. f4 Ra5 46. Kc3 Ra1 47. g5 h5 48. Nb4 Rh1 0-1

[Event "December 5 Early 2023"]
[Site "https://www.chess.com"]
[Date "2023.12.05"]
[Round "11"]
[White "Feliz Dotel, Dewar Bienvenido"]
[Black "Skiadopoulos, Nikolaos"]
[Result "1-0"]
[Board "143"]
[TimeControl "180+1"]
[WhiteFideId "6402801"]
[BlackFideId "4200772"]
[WhiteElo "2069"]
[BlackElo "1777"]
[WhiteTeam "DOM"]
[BlackTeam "GRE"]
[WhiteClock "0:00:30"]
[BlackClock "0:00:00"]

1. d4 Nf6 2. e3 b6 3. Nf3 Bb7 4. Bd3 g6 5. Nbd2 Bg7 6. O-O d5 7. b4 a5 8. b5 O-O 9. c4 dxc4 10. Bxc4 c5 11. bxc6 Nxc6 12. Ba3 Ne8 13. Rb1 Nd6 14. Be2 b5 15. Bxb5 Nxb5 16. Rxb5 Ba6 17. Qb3 Bxb5 18. Qxb5 Qc7 19. Rc1 Rfc8 20. d5 Na7 21. Qa6 Qd7 22. Qxa5 Nb5 23. Rxc8+ Rxc8 24. Qb4 Nxa3 25. Qxa3 Qxd5 26. Qxe7 Rc1+ 27. Nf1 Bc3 28. h4 Rxf1+ 29. Kh2 Rxf2 30. Kg3 Rxa2 31. h5 Qxh5 32. Ng5 1-0

[Event "December 5 Early 2023"]
[Site "https://www.chess.com"]
[Date "2023.12.05"]
[Round "11"]
[White "Teumer, Joerg, Dr."]
[Black "Saim, Mohamed Ilias"]
[Result "1-0"]
[Board "144"]
[TimeControl "180+1"]
[WhiteFideId "4643526"]
[BlackFideId "7900465"]
[WhiteElo "2109"]
[BlackElo "2003"]
[WhiteTeam "GER"]
[BlackTeam "ALG"]
[WhiteClock "0:00:15"]
[BlackClock "0:00:00"]

1. d4 Nf6 2. Bg5 c5 3. d5 Qb6 4. Nc3 Qxb2 5. Bd2 Qb6 6. e4 d6 7. f4 Bg4 8. Nf3 Nbd7 9. Be2 a6 10. h3 Bxf3 11. Bxf3 e6 12. dxe6 fxe6 13. Rb1 Qc7 14. e5 dxe5 15. Rxb7 Qc8 16. Rxd7 Nxd7 17. Bxa8 Qxa8 18. O-O exf4 19. Bxf4 Be7 20. Qh5+ g6 21. Qg4 e5 22. Bh6 Qc6 23. Bg7 Rg8 24. Bh6 Nf6 25. Qc4 Qd6 26. Rxf6 Qd4+ 27. Qxd4 cxd4 28. Re6 dxc3 29. Bg5 Rg7 30. Rxe5 Kd7 31. Be3 Bf6 32. Rd5+ Kc6 33. Ra5 Kb7 34. Ra4 Re7 35. Kf2 Bg7 36. Rb4+ 1-0

[Event "December 5 Early 2023"]
[Site "https://www.chess.com"]
[Date "2023.12.05"]
[Round "11"]
[White "Reinecke, Katharina"]
[Black "Lohani, Sujana"]
[Result "0-1"]
[Board "145"]
[TimeControl "180+1"]
[WhiteFideId "12929727"]
[BlackFideId "12311987"]
[WhiteElo "2016"]
[BlackElo "1993"]
[WhiteTeam "GER"]
[BlackTeam "NEP"]
[WhiteClock "0:00:01"]
[BlackClock "0:01:00"]

1. d4 g6 2. c4 Bg7 3. Nf3 d6 4. g3 b6 5. Bg2 Bb7 6. O-O Nd7 7. Nc3 Ngf6 8. Qc2 O-O 9. e4 c5 10. d5 a6 11. a4 Rb8 12. Bd2 Ne8 13. Rfe1 Nc7 14. Re2 Bc8 15. Be1 Ne5 16. Nxe5 Bxe5 17. f4 Bd4+ 18. Bf2 Bxf2+ 19. Kxf2 Bg4 20. Re3 Qc8 21. e5 Bh3 22. e6 Bxg2 23. exf7+ Rxf7 24. Kxg2 b5 25. axb5 axb5 26. cxb5 Nxb5 27. Nxb5 Rxb5 28. Qe2 Qb7 29. Kg1 Rxb2 30. Qe1 Qxd5 31. Re2 Qd4+ 32. Kf1 Rxe2 33. Kxe2 Qe4+ 34. Kd2 Qxe1+ 35. Rxe1 Kg7 36. Kc3 Kf6 37. Kc4 h5 38. h3 Rf8 39. g4 hxg4 40. hxg4 Ra8 41. Kd5 Ra4 42. g5+ Kf7 43. Rf1 Rd4+ 44. Kc6 c4 45. f5 gxf5 46. Rxf5+ Ke6 47. Rf3 Rg4 48. Rc3 d5 49. Kc5 Rxg5 50. Kd4 Rg4+ 51. Kc5 Re4 52. Rc1 Ke5 53. Kb4 e6 54. Kc3 Re3+ 55. Kb4 Rb3+ 56. Kc5 Ke4 57. Re1+ Re3 58. Rc1 e5 59. Rd1 Rd3 60. Re1+ Re3 61. Rd1 c3 62. Rc1 d4 63. Kc4 Re2 64. Kb3 Kd3 65. Rd1+ Rd2 66. Re1 e4 0-1

[Event "December 5 Early 2023"]
[Site "https://www.chess.com"]
[Date "2023.12.05"]
[Round "11"]
[White "Pein, Jonathan"]
[Black "Vargas, Mauricio"]
[Result "1-0"]
[Board "146"]
[TimeControl "180+1"]
[WhiteFideId "417092"]
[BlackFideId "4404572"]
[WhiteElo "2366"]
[BlackElo "1831"]
[WhiteTeam "ENG"]
[BlackTeam "COL"]
[WhiteClock "0:00:52"]
[BlackClock "0:00:03"]

1. Nf3 Nc6 2. d4 d6 3. e4 e5 4. dxe5 dxe5 5. Qxd8+ Kxd8 6. Bc4 f6 7. Be3 Bb4+ 8. c3 Ba5 9. Na3 Bb6 10. O-O-O+ Ke7 11. Bxb6 axb6 12. Nb5 Na5 13. Nxc7 Rb8 14. Nd5+ Kf7 15. Nxb6+ Nxc4 16. Nxc4 Be6 17. Nd6+ Ke7 18. b3 Ra8 19. Kb2 Nh6 20. Nxb7 Ra7 21. Nc5 Bg4 22. Rd2 Rha8 23. a4 Rc8 24. b4 Bh5 25. Rhd1 Be8 26. a5 Raa8 27. Nb3 Ra7 28. h3 Rac7 29. Rc1 Nf7 30. Ne1 Nd6 31. Rxd6 Kxd6 32. Nd3 Bg6 33. f3 Ke7 34. Ndc5 Bf7 35. a6 Bc4 36. Na5 Rxc5 37. bxc5 Bxa6 38. c6 Rb8+ 39. Ka3 Rb5 40. Ka4 Kd6 41. Rd1+ Kc5 42. c7 Kb6 43. Rd6+ Ka7 44. Rxa6+ Kxa6 45. c8=Q+ Kb6 46. Qc6+ Ka7 47. Kxb5 Kb8 48. Qb7# 1-0

[Event "December 5 Early 2023"]
[Site "https://www.chess.com"]
[Date "2023.12.05"]
[Round "11"]
[White "Deveci, Huseyin Said"]
[Black "Bonfim, Regina Rodrigues"]
[Result "1-0"]
[Board "147"]
[TimeControl "180+1"]
[WhiteFideId "26322455"]
[BlackFideId "2105667"]
[WhiteElo "2196"]
[BlackElo "1749"]
[WhiteTeam "TUR"]
[BlackTeam "BRA"]
[WhiteClock "0:00:54"]
[BlackClock "0:00:38"]

1. Nf3 Nf6 2. g3 g6 3. Bg2 c6 4. O-O d5 5. d4 Bg7 6. c4 e6 7. Nc3 O-O 8. b3 Nbd7 9. Bb2 dxc4 10. bxc4 Nb6 11. Qb3 Re8 12. e4 Nfd7 13. Rad1 Nf8 14. d5 exd5 15. exd5 cxd5 16. Nxd5 Nxd5 17. Rxd5 Qe7 18. Bxg7 Kxg7 19. Qc3+ Kg8 20. Re1 Be6 21. Rde5 Qc7 22. c5 Rac8 23. Nd4 b6 24. Nxe6 Rxe6 25. Bh3 Rxe5 26. Rxe5 Rd8 27. c6 Rd6 28. Bg2 f6 29. Qc4+ Kg7 30. Re1 h6 31. Qe4 Re6 32. Qb4 Rxe1+ 33. Qxe1 Kf7 34. Bd5+ Kg7 35. Qb4 h5 36. h4 Nh7 37. Qe4 g5 38. Qe6 gxh4 39. Qd7+ 1-0